 Dungeon Crawl Stone Soup version 0.29.1-15-g9cfb28693d (webtiles) character file.

Game seed: 5537313390597776663

2563 javelincjr the Fighter (level 9, -4/70 HPs)
             Began as a Djinni Conjurer on Mar 13, 2023.
             Was a Believer of Makhleb.
             Killed from afar by Erica (19 damage)
             ... with a lance of force
             ... on level 8 of the Dungeon.
             The game lasted 00:39:48 (9492 turns).

javelincjr the Fighter (Djinni Conjurer)            Turns: 9492, Time: 00:39:49

Health: -4/70      AC: 10    Str: 10    XL:     9   Next: 87%
Gold:   317        EV: 13    Int: 26    God:    Makhleb [**....] SH:  0 Dex: 12

rFire   + + .      SeeInvis .   G - +2 dagger (venom)
rCold   x . .      Faith    .   (no shield)
rNeg    . . .      Spirit   .   J - +0 acid dragon scales
rPois   ∞          Reflect  .   c - +0 helmet
rElec   .          Harm     .   b - +1 cloak
rCorr   +          Rampage  .   z - +0 pair of gloves
Will    .....                   (boots unavailable)
Stlth   ++........              (no amulet)
HPRegen 0.21/turn               E - +6 ring of intelligence
MPRegen 0.00/turn               (no ring)

@: flying, very slightly contaminated, slowed, very slow
A: sickness immunity, fire resistance 2, cold vulnerability 1, float, innate
caster, HP casting, extra vitality 1
a: Renounce Religion, Minor Destruction


You were on level 8 of the Dungeon.
You worshipped Makhleb.
Makhleb was pleased with you.
You visited 2 branches of the dungeon, and saw 9 of its levels.
You also visited: Ossuary.

You collected 317 gold pieces.

Inventory:

Hand Weapons
 r - a +0 dagger of speed
 G - a +2 dagger of venom (weapon)
 I - a +4 vorpal war axe
 M - a +2 flail of holy wrath
Missiles
 n - 2 boomerangs of dispersal
 L - 6 silver boomerangs
Armour
 a - a +0 robe
 b - a +1 cloak (worn)
 c - a +0 helmet (worn)
 z - a +0 pair of gloves (worn)
 J - +0 acid dragon scales (worn)
Jewellery
 E - a +6 ring of intelligence (left hand)
Wands
 g - a wand of mindburst (19)
 A - a wand of flame (6)
 B - a wand of iceblast (4)
 K - a wand of light (9)
Scrolls
 d - a scroll of vulnerability
 k - 2 scrolls of immolation
 l - a scroll of silence
 m - a scroll of enchant weapon
 o - 2 scrolls of enchant armour
 u - 3 scrolls of teleportation
 y - a scroll of fear
 C - 2 scrolls of noise
 D - a scroll of poison
 H - a scroll of brand weapon {unknown}
Potions
 e - 2 potions of flight {unknown}
 f - a potion of lignification {unknown}
 h - 6 potions of might
 i - 2 potions of invisibility {unknown}
 j - a potion of cancellation {unknown}
 p - 2 potions of haste {unknown}
 q - 2 potions of heal wounds {unknown}
 s - 2 potions of curing {unknown}
 t - 2 potions of mutation {unknown}
 v - 4 potions of brilliance
 w - a potion of degeneration {unknown}
 x - a potion of berserk rage {unknown}
 F - a potion of attraction {unknown}


   Skills:
 * Level 8.0 Fighting
 + Level 2.3 Armour
 + Level 6.6 Dodging
 + Level 3.0 Stealth
 * Level 5.8 Spellcasting
 + Level 2.3 Invocations


You couldn't memorise any spells.
You knew the following spells:

 Your Spells              Type           Power      Damage    Failure   Level
a - Magic Dart            Conj           100%       1d8       1%          1
b - Searing Ray           Conj           76%        2d7       1%          2
c - Dazzling Flash        Conj/Hex       76%        N/A       3%          3
d - Fulminant Prism       Conj/Hex       19%        3d11      10%         4
e - Iskenderun's Mystic   Conj/Tloc      38%        2d9       10%         4
f - Shock                 Conj/Air       100%       1d9       1%          1
g - Poisonous Vapours     Pois/Air       76%        N/A       1%          2
h - Confusing Touch       Hex            38%        N/A       3%          3
i - Sticky Flame          Conj/Fire      38%        2d6       10%         4
Your spell library was empty.

Dungeon Overview and Level Annotations

Branches:
Dungeon (8/15)             Temple (1/1) D:4         Ossuary (visited)
   Lair: D:8-11

Altars:
Cheibriados
Dithmenos
Gozag
Hepliaklqana
Makhleb
Nemelex Xobeh
Qazlal
Trog
Wu Jian
Xom
The Shining One

Shops:
D:4 *   D:6 :=[=:

Annotations:
D:8 Erica


Innate Abilities, Weirdness & Mutations

You are immune to sickness and miasma.
You are immune to poison.
Your flesh is very heat resistant. (rF++)
You are vulnerable to cold. (rC-)
You float through the air rather than walking.
You learn spells naturally, not from books.
Your magical power is your life essence.
You have superior vitality. (+4 MHP)


Message History

Casting: Fulminant Prism (dangerous; 10% risk of failure)
Confirm with . or Enter, or press ? or * to list all spells.
Okay, then.
Casting: Fulminant Prism (dangerous; 10% risk of failure)
Confirm with . or Enter, or press ? or * to list all spells.
Aiming: Poisonous Vapours (safe; 1% risk of failure)
Press: ? - help, Dir - move target Poisonous vapours surround something!
Your fulminant prism crackles loudly.
Something tries to affect you, but you resist.
Your fulminant prism explodes!
The blast of energy engulfs something!
You hear a howl! x2
Casting: Poisonous Vapours (safe; 1% risk of failure)
Confirm with . or Enter, or press ? or * to list all spells.
Aiming: Fulminant Prism (dangerous; 10% risk of failure)
Press: ? - help, Dir - move target You conjure a prism of explosive energy!
A fulminant prism comes into view.
Casting: Fulminant Prism (dangerous; 10% risk of failure)
Confirm with . or Enter, or press ? or * to list all spells.
You can't see any susceptible monsters within range! (Use Z to cast anyway.)
Casting: Fulminant Prism (dangerous; 10% risk of failure)
Confirm with . or Enter, or press ? or * to list all spells.
Aiming: Searing Ray (safe; 1% risk of failure)
Press: ? - help, Shift-Dir - straight line (Press . to maintain the ray.)
Your fulminant prism crackles loudly.
The searing ray hits something.
Something hits you! Something burns you.
* * * LOW HITPOINT WARNING * * *
Your fulminant prism explodes!
The blast of energy engulfs something!!
Something hits you.
* * * LOW HITPOINT WARNING * * *
You hear a bellow! x3
The searing ray hits something!
* * * LOW HITPOINT WARNING * * *
You hear some strange, mumbled words.
A lance of force appears from out of thin air!
The lance of force hits you!!
You die...

#..####### ##..#
##...##
#.....#####
#.........#
######.....#.#<#
.......)..##.#.#
.######.#.......
#.@{........
#..####...###
#..# #..#. #..#
#.###. #..# .#
#..# #..# #..#


There were no monsters in sight!

Vanquished Creatures
  Maggie (D:6)
  Menkaure (Ossuary)
  An ice beast (D:7)
  An orc warrior (D:7)
  2 black bears
  An ogre (D:5)
  2 centaurs
  A phantom (D:4)
  4 bullfrogs
  A gnoll sergeant (D:6)
  2 necrophages (D:7)
  2 scorpions (D:5)
  2 vampire bats (D:5)
  A howler monkey (D:5)
  2 electric eels (D:3)
  4 hounds
  4 iguanas
  3 orc wizards
  3 mummies (Ossuary)
  11 gnolls
  11 adders
  A shadow imp (D:7)
  An ufetubus (D:6)
  A worm (D:3)
  6 dart slugs
  23 orcs
  4 ball pythons
  A bat skeleton (D:5)
  4 bat zombies (D:5)
  4 endoplasms
  3 giant cockroaches
  5 gnoll zombies (Ossuary)
  9 hobgoblins
  5 jackals
  7 kobolds
  2 quokkas
  3 bats
  4 frilled lizards
  6 gnoll skeletons (Ossuary)
  8 goblins
  8 goblin skeletons (Ossuary)
  3 goblin zombies (Ossuary)
  2 hobgoblin skeletons (Ossuary)
  3 hobgoblin zombies (Ossuary)
  2 kobold skeletons (Ossuary)
  5 kobold zombies (Ossuary)
  3 orc skeletons (Ossuary)
  4 orc zombies (Ossuary)
  A rat (D:2)
  4 rat skeletons (Ossuary)
  5 rat zombies (Ossuary)
  A spectral kobold (D:1)
198 creatures vanquished.

Vanquished Creatures (others)
  15 fulminant prisms
  2 plants (D:3)
17 creatures vanquished.

Grand Total: 215 creatures vanquished

Notes
Turn   | Place    | Note
-------+----------+-------------------------------------------
     0 | D:1      | javelincjr the Djinni Conjurer began the quest for the Orb.
     0 | D:1      | javelincjr set off with the following spells memorised:
                  | Magic Dart, Searing Ray, Dazzling Flash, Fulminant Prism,
                  | Iskenderun's Mystic Blast.
     0 | D:1      | Reached XP level 1. HP: 15/15 MP: 0/0
   383 | D:1      | Found a faded altar of an unknown god.
   447 | D:1      | Reached XP level 2. HP: 19/22 MP: 0/0
   796 | D:1      | Reached skill level 1 in Fighting
  1338 | D:2      | Reached XP level 3. HP: 18/27 MP: 0/0
  1338 | D:2      | Learned a level 1 spell: Shock
  1751 | D:2      | Reached skill level 2 in Fighting
  1751 | D:2      | Reached XP level 4. HP: 29/33 MP: 0/0
  2151 | D:2      | Reached XP level 5. HP: 32/39 MP: 0/0
  2151 | D:2      | Learned a level 2 spell: Poisonous Vapours
  2168 | D:2      | Reached skill level 3 in Fighting
  2729 | D:3      | Found a transporter.
  3088 | D:3      | Found a transporter.
  3130 | D:3      | Found a bloodstained altar of Trog.
  3375 | D:3      | You are sucked into a shaft and drop 3 floors!
  3392 | D:5      | Entered Level 5 of the Dungeon
  3415 | D:5      | Reached XP level 6. HP: 39/47 MP: 0/0
  3668 | D:4      | Found a staircase to the Ecumenical Temple.
  3687 | Temple   | Entered the Ecumenical Temple
  3695 | Temple   | Became a worshipper of Makhleb the Destroyer
  3781 | D:4      | Reached skill level 4 in Fighting
  3957 | D:4      | Found a sand-covered staircase.
  3961 | Ossuary  | Entered an ossuary
  4389 | Ossuary  | Reached * piety under Makhleb
  4449 | Ossuary  | Reached XP level 7. HP: 31/53 MP: 0/0
  4449 | Ossuary  | Learned a level 3 spell: Confusing Touch
  5076 | Ossuary  | Noticed Menkaure
  5082 | Ossuary  | Killed Menkaure
  5082 | Ossuary  | Reached ** piety under Makhleb
  5083 | Ossuary  | Reached skill level 5 in Fighting
  5681 | D:4      | Found Mywiv's CLEARANCE SALE!.
  5716 | D:4      | Found a hazy altar of Hepliaklqana.
  5717 | D:4      | Found a shadowy altar of Dithmenos.
  5717 | D:4      | Noticed a shadow
  6225 | D:5      | Reached skill level 5 in Dodging
  6225 | D:5      | Reached XP level 8. HP: 57/61 MP: 0/0
  6410 | D:5      | Reached skill level 6 in Fighting
  6425 | D:5      | Found a stormy altar of Qazlal.
  6897 | D:6      | Found Tugofan's Book Emporium.
  7038 | D:6      | Reached skill level 5 in Spellcasting
  7322 | D:6      | Found an ornate altar of the Wu Jian Council.
  7352 | D:6      | Found Weobb's Book Boutique.
  7372 | D:6      | Found Nafetwap's Armour Emporium.
  7531 | D:6      | Reached skill level 7 in Fighting
  7625 | D:6      | Found Fotsurul's Jewellery Shoppe.
  7635 | D:6      | Found Giudawn's Jewellery Shoppe.
  7659 | D:6      | Noticed Maggie
  7675 | D:6      | Killed Maggie
  7676 | D:6      | Reached skill level 1 in Armour
  7676 | D:6      | Reached skill level 1 in Invocations
  7676 | D:6      | Reached XP level 9. HP: 22/68 MP: 0/0
  7676 | D:6      | Learned a level 4 spell: Sticky Flame
  9321 | D:7      | Reached skill level 8 in Fighting
  9484 | D:8      | Noticed Erica
  9492 | D:8      | Killed from afar by Erica

Illustrated notes

Levels and vault maps discovered:
D:1:      saegor_arrival_fortress, layout_basic,
          dreamdust_ecumenical_altar_drowned_temple
D:2:      layout_rooms, grunt_ministairs_3
D:3:      gammafunk_steamed_eel, layout_basic, lemuel_tele_altar,
          nicolae_sif_muna_little_library
D:4:      layout_rooms, riverfiend_overflow_shadow_ancestor,
          minmay_temple_entry_water_ring, enter_ossuary_5, minivault_25,
          nicolae_shop_clearance
D:5:      layout_basic, kennysheep_vampire_church,
          nicolae_qazlal_general_emergency
D:6:      layout_cave_pools, mainiacjoe_overflow_alcove_4, serial_shops,
          nicolae_shop_hallway_stairs, shop, nicolae_stop_n_shop_1,
          nicolae_shop_competitors_out_of_business, nicolae_shop_stone,
          uniq_maggie
D:7:      kennysheep_spiral_hall, layout_basic, kennysheep_decorative_pillar
D:8:      layout_loops_ring, nicolae_vehumet_radiance, david_lair_shrubbed,
          serial_bayou_lagoon_a, uniq_grum, uniq_erica
Temple:   compressed_dpeg_triangle_lava_temple

Skill      XL: |  1  2  3  4  5  6  7  8  9 |
---------------+----------------------------+-----
Fighting       | 1 2 3 4 5 7 8 |  8.0
Dodging        | 3 4 5 6 |  6.6
Spellcasting   | 4 5 |  5.8
Armour         | 1 2 |  2.3
Stealth        | 2 3 |  3.0
Invocations    | 1 2 |  2.3

Action                   |  1- 3 |  4- 6 |  7- 9 || total
-------------------------+-------+-------+-------++-------
Melee: Dagger            |       |       |     2 ||     2
 Cast: Magic Dart        |    70 |    74 |     3 ||   147
       Searing Ray       |       |    22 |     9 ||    31
       Shock             |       |    69 |   205 ||   274
       Poisonous Vapours |       |     1 |    21 ||    22
       Fulminant Prism   |       |       |    15 ||    15
       Iskenderun's Myst |       |       |    23 ||    23
  Use: Scroll            |       |     2 |     9 ||    11
Armor: Robe              |       |    11 |    13 ||    24
       Acid dragon scale |       |       |     9 ||     9
Dodge: Dodged            |     3 |    29 |    55 ||    87
